 Dungeon Crawl Stone Soup version 0.15-a0-335-g04a2ae6 (webtiles) character file.

510 PolkaDot the Insei (level 6, -7/47 HPs)
             Began as a Vampire Monk on May 1, 2014.
             Mangled by an ice beast (12 damage)
             ... on Level 3 of the Dungeon.
             The game lasted 00:08:01 (2219 turns).

PolkaDot the Insei (Vampire Monk)                   Turns: 2219, Time: 00:08:01

HP  -7/47        AC  2     Str 10      XL: 6   Next: 53%
MP   6/6         EV 18     Int 12      God:
Gold 112         SH  0     Dex 18      Spells:  0 memorised,  5 levels left

rFire  . . .     SeeInvis +       - Unarmed
rCold  . . .     Clarity  .     a - +0 robe
rNeg   . . .     Conserve .     (no shield)
rPois  +         rCorr    .     (no helmet)
rElec  .         rRot     .     (no cloak)
SustAb . .       Spirit   .     (no gloves)
rMut   .         Warding  .     (no boots)
Saprov . . .     Stasis   .     (no amulet)
MR     .....                    j - +3 ring of evasion
                                e - ring of poison resistance

@: regenerating quickly, not resistant to hostile enchantments, fairly stealthy
A: bottle blood, fangs 3, see invisible, unbreathing
a: Bottle Blood


You were on level 3 of the Dungeon.
You were very full.

You visited 1 branch of the dungeon, and saw 3 of its levels.

You collected 112 gold pieces.

Inventory:

Armour
 a - a +0 robe (worn)
Scrolls
 b - 4 scrolls of remove curse {unknown}
 c - a scroll of identify {unknown}
 d - 3 scrolls of teleportation {unknown}
 f - a scroll of immolation {unknown}
 g - 4 scrolls of fear {unknown}
 h - a scroll of enchant armour {unknown}
 i - 2 scrolls of fog {unknown}
Jewellery
 e - a ring of poison resistance (left hand)
 j - a +3 ring of evasion (right hand)
 k - an uncursed ring of protection from magic


   Skills:
 - Level 3.1 Fighting
 + Level 5.1 Dodging
 - Level 3.0 Stealth
 * Level 7.4 Unarmed Combat


You had 5 spell levels left.
You didn't know any spells.

Dungeon Overview and Level Annotations

Branches:
Dungeon (3/15)

Altars:
Kikubaaqudgha


Innate Abilities, Weirdness & Mutations

Your natural rate of healing is unusually fast.
You can bottle blood from corpses.
You have razor-sharp teeth.*
You have supernaturally acute eyesight.
You can survive without breathing.*


Message History

You hit the ice beast.
The ice beast is lightly wounded.
The ice beast hits you. The ice beast freezes you!
You are too injured to fight recklessly!
You punch the ice beast!
The ice beast is moderately wounded.
The ice beast completely misses you.
You closely miss the ice beast.
The ice beast is moderately wounded.
You closely miss the ice beast.
The ice beast is moderately wounded.
The ice beast hits you. The ice beast freezes you!
Your black potion freezes and shatters!
* * * LOW HITPOINT WARNING * * *
The ice beast hits you but does no damage.
You aren't carrying any potions.
The ice beast hits you.
* * * LOW HITPOINT WARNING * * *
The ice beast freezes you!
You die...

#....).......................
#..######.##########.........
#..# #.# #..####### #.%# #.#
#..# #..# #.# #..# #..# #.#
#..# #..# #.# #..#
#..######.##########..######
#...........................
#...........@Y...............
#.#######.##########..<#####
#.# #.# #...# #.# #.# #...#
#.# #.# #...# #.# #.# #...#
#.# #.# #...# . #.#
#...###### #.# #......... ...
..............


You could see an ice beast.

Vanquished Creatures
  Sigmund (D:3)
  2 scorpions (D:3)
  2 orc priests (D:3)
  Terence (D:2)
  4 adders
  A worm (D:2)
  2 giant geckos
  An ooze (D:2)
  6 orcs (D:3)
  13 bats
  5 giant cockroaches
  11 hobgoblins
  11 jackals
  14 kobolds
  3 ball pythons
  3 giant newts
  2 goblins (D:2)
  13 rats
95 creatures vanquished.

Vanquished Creatures (others)
  An orc wizard (D:3)
1 creature vanquished.

Grand Total: 96 creatures vanquished

Notes
Turn   | Place    | Note
--------------------------------------------------------------
     0 | D:1      | PolkaDot, the Vampire Monk, began the quest for the Orb.
     0 | D:1      | Reached XP level 1. HP: 17/17 MP: 1/1
   213 | D:1      | Reached XP level 2. HP: 23/23 MP: 2/2
   644 | D:2      | Reached skill level 5 in Unarmed Combat
   669 | D:2      | Reached XP level 3. HP: 22/29 MP: 3/3
   717 | D:2      | Found an ancient bone altar of Kikubaaqudgha.
   920 | D:2      | Noticed Terence
   969 | D:2      | Killed Terence
  1047 | D:2      | Reached XP level 4. HP: 35/35 MP: 4/4
  1676 | D:3      | Reached skill level 6 in Unarmed Combat
  1711 | D:3      | Noticed Sigmund
  1735 | D:3      | Killed Sigmund
  1735 | D:3      | Reached XP level 5. HP: 30/41 MP: 5/5
  1908 | D:3      | Reached XP level 6. HP: 47/47 MP: 6/6
  1920 | D:3      | Reached skill level 7 in Unarmed Combat
  2126 | D:3      | Reached skill level 5 in Dodging
  2198 | D:3      | Noticed an ice beast
  2219 | D:3      | Mangled by an ice beast

Action                   |  1- 3 |  4- 6 || total
-------------------------+-------+-------++-------
Melee: Unarmed           |   160 |   190 ||   350
  Use: Potion            |     2 |     1 ||     3
 Stab: Sleeping          |     5 |     7 ||    12
       Distracted        |       |     1 ||     1
